 Dungeon Crawl Stone Soup version 0.28-a0-1199-gef9e1dbd39 (webtiles) character file.

Game seed: 17804661497600531036

161 ReploidZero the Magician (level 5, -15/35 HPs)
             Began as a Djinni Conjurer on Dec 20, 2021.
             Killed by an exploding fulminant prism (24 damage)
             ... on level 4 of the Dungeon.
             The game lasted 00:07:21 (3911 turns).

ReploidZero the Magician (Djinni Conjurer)          Turns: 3911, Time: 00:07:21

Health: -15/35     AC:  2    Str:  6    XL:     5   Next: 70%
Gold:   134        EV: 12    Int: 21    God:
                   SH:  0    Dex: 12

rFire   + + .      SeeInvis .   (no weapon)
rCold   x . .      Faith    .   (no shield)
rNeg    . . .      Spirit   .   a - +0 robe
rPois   ∞          Reflect  .   (no helmet)
rElec   .          Harm     .   (no cloak)
rCorr   .          Rampage  .   (no gloves)
Will    .....                   (boots unavailable)
Stlth   ++........              (no amulet)
HPRegen 0.11/turn               (no ring)
MPRegen 0.00/turn               (no ring)

@: flying
A: sickness immunity, fire resistance 2, cold vulnerability 1, float, innate
caster, hp casting, extra vitality 1
a: no special abilities


You were on level 4 of the Dungeon.
You visited 1 branch of the dungeon, and saw 4 of its levels.

You collected 134 gold pieces.

Inventory:

Armour
 a - a +0 robe (worn)
Wands
 h - a wand of flame (24)
Scrolls
 c - a scroll of holy word {unknown}
 d - a scroll of enchant weapon {unknown}
 e - 3 scrolls of teleportation {unknown}
 f - 2 scrolls of identify {unknown}
 g - a scroll of blinking {unknown}
 j - a scroll of enchant armour {unknown}
Potions
 b - 3 potions of heal wounds {unknown}
 i - a potion of curing {unknown}


   Skills:
 - Level 2.1 Dodging
 - Level 1.5 Stealth
 + Level 5.1 Spellcasting


You couldn't memorise any spells.
You knew the following spells:

 Your Spells              Type           Power      Damage    Failure   Level
a - Magic Dart            Conj           100%       1d8       1%          1
b - Searing Ray           Conj           54%        2d6       1%          2
c - Dazzling Flash        Conj/Hex       54%        N/A       3%          3
d - Fulminant Prism       Conj/Hex       13%        3d9       13%         4
e - Iskenderun's Mystic   Conj/Tloc      27%        2d7       13%         4
f - Freeze                Ice            100%       1d11      1%          1
g - Ensorcelled Hibernat  Hex/Ice        54%        N/A       1%          2
Your spell library was empty.

Dungeon Overview and Level Annotations

Branches:
Dungeon (4/15)
 Temple: D:4-7

Altars:

Shops:
D:1 [   D:3 :


Innate Abilities, Weirdness & Mutations

You are immune to sickness and miasma.
You are immune to poison.
Your flesh is very heat resistant. (rF++)
You are vulnerable to cold. (rC-)
You float through the air rather than walking.
You learn spells naturally, not from books.
Your magical power is your life essence.
You have superior vitality. (+4 HP)


Message History

Aim: Sigmund, wielding a +0 scythe and wearing a +0 robe (100% to hit)
The magic dart hits Sigmund.
Sigmund is lightly wounded.
Casting: Magic Dart (safe; 1% risk of failure)
Confirm with . or Enter, or press ? or * to list all spells.
Okay, then.
Casting: Magic Dart (safe; 1% risk of failure)
Confirm with . or Enter, or press ? or * to list all spells.
The spell is quite dangerous to miscast (13% risk of failure)!
Continue anyway?
Aiming: Fulminant Prism (quite dangerous; 13% risk of failure)
Press: ? - help, Dir - move target, p - Sigmund You conjure a prism of explosive energy!
A fulminant prism comes into view.
Sigmund gestures wildly while chanting.
Sigmund flickers and vanishes!
Deactivating autopickup; reactivate with Ctrl-A.
Your fulminant prism crackles loudly.
Your fulminant prism explodes!
The blast of energy engulfs something!!
You hear a shout! x2; You hear an angry hiss.
Casting: Fulminant Prism (quite dangerous; 13% risk of failure)
Confirm with . or Enter, or press ? or * to list all spells.
The spell is quite dangerous to miscast (13% risk of failure)!
Continue anyway?
Aiming: Fulminant Prism (quite dangerous; 13% risk of failure)
Press: ? - help, Dir - move target You conjure a prism of explosive energy!
A fulminant prism comes into view.
You hear some strange, mumbled words.
A puff of flame appears from out of thin air!
The puff of flame misses you.
A magic dart appears from out of thin air!
The magic dart hits you!
* * * LOW HITPOINT WARNING * * *
Your fulminant prism crackles loudly.
You hear an explosion!
The blast of energy engulfs something!
Reactivating autopickup.
You feel a bit more experienced. The blast of energy engulfs you!!
Ouch! That really hurt!
You die...

####### ##.##..###
#........####
#..#.....#..## ##
##.###...#...## .###
####....#....#####...# ###
##....#.....##.....#
..###..)..##....#.....#
...#............@.....#
#....##.#......###)..##
......#.#.........*...#
......................(...
.........####.....##.##...
.........## #..<...........
.....#....###.#...........#
....##........#............
###.##........#..#........


There were no monsters in sight!

Vanquished Creatures
  Sigmund (D:4)
  2 hounds (D:4)
  2 adders (D:2)
  A worm (D:2)
  3 dart slugs
  An orc (D:4)
  3 ball pythons
  9 endoplasms
  4 giant cockroaches
  6 goblins
  6 hobgoblins
  4 jackals (D:2)
  8 kobolds
  3 quokkas
  7 bats
  4 frilled lizards
  7 rats
71 creatures vanquished.

Vanquished Creatures (others)
  2 fulminant prisms (D:4)
2 creatures vanquished.

Grand Total: 73 creatures vanquished

Notes
Turn   | Place    | Note
-------+----------+-------------------------------------------
     0 | D:1      | ReploidZero the Djinni Conjurer began the quest for the
                  | Orb.
     0 | D:1      | Reached XP level 1. HP: 15/15 MP: 0/0
   289 | D:1      | Reached XP level 2. HP: 20/21 MP: 0/0
   573 | D:1      | Reached XP level 3. HP: 20/25 MP: 0/0
   573 | D:1      | Learned a level 1 spell: Freeze
   718 | D:1      | Found Saxonwinn's Antique Armour Emporium.
   769 | D:1      | Reached skill level 4 in Spellcasting
  1699 | D:2      | Reached XP level 4. HP: 27/31 MP: 0/0
  2433 | D:3      | Found Coekop's Book Boutique.
  3281 | D:4      | Reached XP level 5. HP: 30/35 MP: 0/0
  3281 | D:4      | Learned a level 2 spell: Ensorcelled Hibernation
  3281 | D:4      | Noticed Sigmund
  3640 | D:4      | Reached skill level 5 in Spellcasting
  3911 | D:4      | Killed Sigmund
  3911 | D:4      | Killed by an exploding fulminant prism

Illustrated notes

Levels and vault maps discovered:
D:1:      saegor_arrival_under_anarchy, layout_rooms, serial_shops,
          nicolae_shop_behind_doors
D:2:      layout_basic, minmay_tetromino_o4
D:3:      layout_basic, serial_shops, shop, hangedman_decor_growths,
          serial_bayou_lagoon_a
D:4:      layout_cave_pools, uniq_sigmund

Skill      XL: |  1  2  3  4  5 |
---------------+----------------+-----
Spellcasting   | 4 5 |  5.1
Dodging        | |  2.1
Stealth        | |  1.5

Action                   |  1- 3 |  4- 6 || total
-------------------------+-------+-------++-------
 Cast: Magic Dart        |    73 |    47 ||   120
       Searing Ray       |     1 |     5 ||     6
       Fulminant Prism   |       |     2 ||     2
       Ensorcelled Hiber |       |     1 ||     1
       Dazzling Flash    |       |     1 ||     1
Dodge: Dodged            |     2 |     9 ||    11

Table legend: (Time is in decaauts)
 A = Elapsed time spent in this place.
 B = Non-inter-level travel time spent in this place.
 C = Inter-level travel time spent in this place.
 D = Time resting spent in this place.
 E = Time spent auto-exploring this place.
 F = Levels seen in this place.
 G = Mean time per level.
                   A        B        C        D        E       F      G
               +--------+--------+--------+--------+--------+-----+--------+
         Total |   3913 |   3806 |    107 |      0 |   3524 |   4 |  978.2 |
       Dungeon |   3913 |   3806 |    107 |      0 |   3524 |   4 |  978.2 |
               +--------+--------+--------+--------+--------+-----+--------+

Top non-repeatable levels by time:
     D:3: 1352 daAuts
     D:2: 1172 daAuts
     D:1: 1165 daAuts
     D:4: 223 daAuts
